 Dungeon Crawl Stone Soup version 0.26-a0-504-g0cf647090d (webtiles) character file.

Game seed: 2226194158196180275

2 Ge0ff the Grasshopper (level 1, -7/25 HPs)
             Began as a Barachi Warper on Aug 8, 2020.
             Mangled by a kobold
             ... wielding a +0 whip of electrocution
              (10 damage)
             ... on level 1 of the Dungeon.
             The game lasted 00:02:15 (117 turns).

Ge0ff the Grasshopper (Barachi Warper)               Turns: 117, Time: 00:02:15

Health: -7/25      AC:  3    Str: 12    XL:     1   Next: 40%
Magic:  3/3        EV: 12    Int: 13    God:
Gold:   16         SH:  0    Dex: 11    Spells: 4/4 levels left

rFire    . . .     SeeInvis .     - Unarmed
rCold    . . .     Faith    .   (no shield)
rNeg     . . .     Spirit   .   a - +0 leather armour
rPois    .         Reflect  .   (no helmet)
rElec    .         Harm     .   (no cloak)
rCorr    .                      (no gloves)
MR       .....                  (no boots)
Stlth    ..........             (no amulet)
HPRegen  0.08/turn              (no ring)
MPRegen  0.08/turn              (no ring)

@: berserking, very quick
A: +LOS, swims, slowness 1, strong legs 1
a: Hop


You were on level 1 of the Dungeon.
You visited 1 branch of the dungeon, and saw 2 of its levels.

You collected 16 gold pieces.

Inventory:

Armour
 a - a +0 leather armour (worn)
Scrolls
 B - a scroll of blinking
Potions
 D - a potion of flight {unknown}


   Skills:
 - Level 2.4 Fighting
 - Level 1.0 Throwing
 - Level 1.2 Armour
 - Level 2.1 Dodging
 + Level 0.8 Stealth
 + Level 2.1 Unarmed Combat
 - Level 2.1 Spellcasting
   Level 3.2 Translocations


You had 4 spell levels left.
You didn't know any spells.
Your spell library contained the following spells:

 Spells                   Type           Power        Failure   Level
 Blink                    Tloc           N/A          12%         2
 Gell's Gravitas          Tloc           #.........   24%         3
 Lesser Beckoning         Tloc           #.........   24%         3
 Teleport Other           Tloc           #.......     24%         3
 Passage of Golubria      Tloc           N/A          63%         4


Dungeon Overview and Level Annotations

Branches:
Dungeon (2/15)

Altars:


Innate Abilities, Weirdness & Mutations

You can be seen from farther away. (+LOS)
You can swim through water.
You cover ground slowly.
You can hop short distances.


Message History

You closely miss the kobold.
The kobold is moderately wounded.
The bat hits you but does no damage. The kobold hits you but does no damage.
You hit the kobold but do no damage.
The kobold is moderately wounded.
The bat barely misses you. The kobold hits you but does no damage.
You are electrocuted!
Ouch! That really hurt!
* * * LOW HITPOINT WARNING * * *
It was a potion of berserk rage.
A red film seems to cover your vision as you go berserk!
You feel yourself moving faster!
You feel mighty! The kobold barely misses you. The bat barely misses you.
You closely miss the kobold.
The kobold is moderately wounded.
The bat hits you.
* * * LOW HITPOINT WARNING * * *
The kobold hits you but does no damage.
You are electrocuted!
You die...

#.# #####.### #.......
#.####.###.####.
#.............#[ ####
#####..#.#.##... ...
#....#.##...
#.#####.#######....#.##...
........K@.b........>.....
....##.....###.#....)....
#..P♣..##.#..(...#..
#...♣..##.#......#..
+......###.#.........
####..## #.##.....##. ....
#.##...#.##. .....
#.##...#.##.
......#......#.##.


You could see a bat and a kobold.

Vanquished Creatures
  A hobgoblin (D:1)
  A kobold (D:1)
2 creatures vanquished.

Notes
Turn   | Place    | Note
-------+----------+-------------------------------------------
     0 | D:1      | Ge0ff the Barachi Warper began the quest for the Orb.
     0 | D:1      | Reached XP level 1. HP: 17/17 MP: 3/3
   117 | D:1      | Mangled by a kobold

Illustrated notes

Levels and vault maps discovered:
D:1:      arrival_zaba_pyramid, layout_basic, serial_park_tiny_1
D:2:      layout_rooms, chequers_serial_rivers_marsh

Action                   || total
-------------------------++-------
Melee: Unarmed           ||    15
Throw: Boomerang         ||     5
  Use: Potion            ||     1
Armor: Leather armour    ||     6
Dodge: Dodged            ||    13

Table legend: (Time is in decaauts)
 A = Elapsed time spent in this place.
 B = Non-inter-level travel time spent in this place.
 C = Inter-level travel time spent in this place.
 D = Time resting spent in this place.
 E = Time spent auto-exploring this place.
 F = Levels seen in this place.
 G = Mean time per level.
                   A        B        C        D        E       F      G
               +--------+--------+--------+--------+--------+-----+--------+
         Total |    135 |    135 |      0 |      0 |      0 |   2 |   67.5 |
       Dungeon |    135 |    135 |      0 |      0 |      0 |   2 |   67.5 |
               +--------+--------+--------+--------+--------+-----+--------+

Top non-repeatable levels by time:
     D:1: 128 daAuts
     D:2: 6 daAuts
